 Dungeon Crawl Stone Soup version 0.21-a0-88-g13b9641 (webtiles) character file.

53 sagitran the Skirmisher (level 3, -2/34 HPs)
             Began as a Gnoll Wanderer on June 27, 2017.
             Slain by an adder (5 damage)
             ... on level 3 of the Dungeon.
             The game lasted 00:16:37 (1644 turns).

sagitran the Skirmisher (Gnoll Wanderer)            Turns: 1644, Time: 00:16:38

Health: -2/34      AC:  2    Str: 11    XL:     3   Next: 87%
Magic:  8/8        EV: 13    Int: 15    God:
Gold:   64         SH:  0    Dex: 11    Spells: 0/10 levels left

rFire    . . .     SeeInvis .   u - +2 short sword (speed)
rCold    . . .     Gourm    .   (no shield)
rNeg     . . .     Faith    .   d - +0 robe
rPois    .         Spirit   .   (no helmet)
rElec    .         Reflect  .   (no cloak)
rCorr    .         Harm     .   (no gloves)
MR       .....                  (no boots)
Stlth    ++........             (no amulet)
HPRegen  0.11/turn              (no ring)
MPRegen  0.11/turn              (no ring)

@: no status effects
A: short attention span, fangs 1, strong nose
a: no special abilities


You were on level 3 of the Dungeon.
You were full.

You visited 1 branch of the dungeon, and saw 3 of its levels.

You collected 64 gold pieces.

Inventory:

Hand Weapons
 b - a +0 spear
 i - a +0 whip
 u - a +2 short sword of speed (weapon)
Missiles
 e - 8 needles of sleeping
 h - 17 poisoned needles
 k - 33 stones (quivered)
 t - 19 arrows
Armour
 d - a +0 robe (worn)
Jewellery
 n - an uncursed amulet of rage {unknown}
Scrolls
 p - 2 scrolls of teleportation
 q - a scroll of remove curse {unknown}
 r - a scroll of identify {unknown}
 s - a scroll of enchant armour {unknown}
Potions
 j - a potion of agility {unknown}
 m - a potion of magic {unknown}
 o - a potion of haste {unknown}
Books
 a - a book of Minor Magic

   Spells                             Type                      Level
   a - Magic Dart                     Conjuration                  1
   b - Blink                          Translocation                2
   c - Call Imp                       Summoning                    2
   d - Slow                           Hexes                        2
   e - Conjure Flame                  Conjuration/Fire             3
   f - Mephitic Cloud                 Conjuration/Poison/Air       3
Comestibles
 f - 3 bread rations
 l - 2 royal jellies


   Skills:
 + Level 5.7 Fighting
 + Level 0.4 Short Blades
 + Level 0.9 Polearms
 + Level 3.5 Throwing
 + Level 4.1 Dodging
 + Level 1.2 Stealth
 + Level 4.3 Spellcasting
 + Level 0.9 Conjurations
 + Level 0.4 Summonings
 + Level 1.9 Fire Magic


You couldn't memorise any spells.
You knew the following spells:

 Your Spells              Type           Power        Failure   Level  Hunger
a - Magic Dart            Conj           #...         12%         1    None
b - Blink                 Tloc           N/A          26%         2    ##.....
c - Call Imp              Summ           #.......     22%         2    ##.....
d - Slow                  Hex            #.......     26%         2    ##.....
e - Conjure Flame         Conj/Fire      #.......     28%         3    ###....


Dungeon Overview and Level Annotations

Branches:
Dungeon (3/15)

Altars:
Ru


Innate Abilities, Weirdness & Mutations

You have a short attention span.
You have very sharp teeth.
Your uncanny sense of smell can sniff out nearby items.


Message History

* * * LOW HITPOINT WARNING * * *
The adder closely misses you. x2; The orc completely misses you.
The hobgoblin shouts!
The adder barely misses you. The adder bites you.
* * * LOW HITPOINT WARNING * * *
The adder barely misses you. The adder bites you.
* * * LOW HITPOINT WARNING * * *
You are poisoned.
The adder poisons you!
You feel better. The adder bites you.
* * * LOW HITPOINT WARNING * * *
The adder closely misses you. The adder barely misses you.
The adder closely misses you. The adder bites you.
* * * LOW HITPOINT WARNING * * *
The adder bites you.
* * * LOW HITPOINT WARNING * * *
The adder completely misses you. The adder bites you.
You die...

######## ∆
#..@...#
#.SS..!#
##.S<...+
###..o..[.#
##.........#
#...g......#
#.###..........#
#...'..<.......#
#####..........#


You could see 3 adders, an orc and a hobgoblin.

Vanquished Creatures
  An adder (D:2)
  A ball python (D:2)
  2 giant cockroaches
  5 goblins
  4 hobgoblins
  7 jackals (D:1)
  2 bats
  3 frilled lizards (D:1)
  8 kobolds
  3 rats
36 creatures vanquished.

Vanquished Creatures (collateral kills)
  3 hobgoblins (D:2)
  A jackal (D:1)
4 creatures vanquished.

Vanquished Creatures (others)
  A goblin (D:3)
1 creature vanquished.

Grand Total: 41 creatures vanquished

Notes
Turn   | Place    | Note
-------+----------+-------------------------------------------
     0 | D:1      | sagitran the Gnoll Wanderer began the quest for the Orb.
     0 | D:1      | sagitran set off with: a book of Minor Magic, a +0 spear, a potion of curing, a +0 robe, a bread ration
     0 | D:1      | Reached XP level 1. HP: 20/20 MP: 5/5
     2 | D:1      | Learned a level 1 spell: Magic Dart
   151 | D:1      | Reached skill level 5 in Fighting
   158 | D:1      | Reached XP level 2. HP: 14/27 MP: 1/6
   184 | D:1      | Learned a level 2 spell: Blink
   187 | D:1      | Learned a level 2 spell: Call Imp
   190 | D:1      | Learned a level 2 spell: Slow
   220 | D:1      | You fall through a shaft!
   220 | D:2      | Found a sacrificial altar of Ru.
   839 | D:1      | Reached XP level 3. HP: 34/34 MP: 6/8
   845 | D:1      | Learned a level 3 spell: Conjure Flame
  1016 | D:1      | Reached skill level 1 in Stealth
  1644 | D:3      | Slain by an adder

Vault maps used:
D:1:      minmay_arrival_plants_in_alcoves, serial_park_tiny_2
D:2:      hangedman_ru_absence, first_bread, minmay_misc_feat_room
D:3:      cheibrodos_thug_alley, grunt_temple_overflow_order_and_chaos_1,
          grunt_temple_overflow_magic_moments, overflow_temple_1_default,
          gammafunk_temple_overflow_arena

Skill      XL: |  1  2  3 |
---------------+----------+-----
Fighting       | 5 |  5.7
Spellcasting   | 4 |  4.3
Stealth        | 1 |  1.2
Dodging        | 4 |  4.1
Short Blades   | |  0.4
Polearms       | |  0.9
Throwing       | |  3.5
Conjurations   | |  0.9
Summonings     | |  0.4
Fire Magic     | |  1.9

Action                   || total
-------------------------++-------
Melee: Spear             ||   119
       Bite              ||    11
       Short sword       ||    24
       Dagger            ||     7
       Whip              ||     2
Throw: Stone             ||     6
 Cast: Magic Dart        ||    20
       Call Imp          ||     5
       Slow              ||     4
       Blink             ||     1
       Conjure Flame     ||     2
  Use: Scroll            ||     1
       Potion            ||     4
 Stab: Sleeping          ||     2
  Eat: Bread ration      ||     2
Armor: Robe              ||    32
Dodge: Dodged            ||   137
